Workbook

Sheet About
A1: SAMPLE / DEMO WORKBOOK - synthetic transactions, not real client data.
A2: Built by Santosh Kumar Singh as a portfolio sample of rule-based transaction categorization.
A3: Transactions: paste raw rows into columns A-C; columns D-G tag themselves.
A4: Rules: keyword -> category table. Edit freely; formulas read the whole range.
A5: Summary: totals per category, income vs expense, and a count of rows flagged for review.

Sheet Transactions
A1: Date | B1: Description | C1: Amount (₹) | D1: Category | E1: Group | F1: Matched keyword | G1: Status
A2: 46266 | B2: SPOTIFY INDIA | C2: -119 | D2: =IF($B2="","",IFERROR(LOOKUP(2^15,SEARCH(Rules!$A$2:$A$200&"",$B2)/(Rules!$A$2:$A$200<>""),Rules!$B$2:$B$200),"Uncategorized")) | E2: =IF($B2="","",IF($C2>=0,"Income","Expense")) | F2: =IF($B2="","",IFERROR(LOOKUP(2^15,SEARCH(Rules!$A$2:$A$200&"",$B2)/(Rules!$A$2:$A$200<>""),Rules!$A$2:$A$200),"")) | G2: =IF($B2="","",IF(D2="Uncategorized","⚠ Review",IF(IFERROR(LOOKUP(2^15,SEARCH(Rules!$A$2:$A$200&"",$B2)/(Rules!$A$2:$A$200<>""),Rules!$C$2:$C$200),"")<>E2,"⚠ Check sign","OK")))
A3: 46268 | B3: UPI/RAHUL K/3122 | C3: -862 | D3: =IF($B3="","",IFERROR(LOOKUP(2^15,SEARCH(Rules!$A$2:$A$200&"",$B3)/(Rules!$A$2:$A$200<>""),Rules!$B$2:$B$200),"Uncategorized")) | E3: =IF($B3="","",IF($C3>=0,"Income","Expense")) | F3: =IF($B3="","",IFERROR(LOOKUP(2^15,SEARCH(Rules!$A$2:$A$200&"",$B3)/(Rules!$A$2:$A$200<>""),Rules!$A$2:$A$200),"")) | G3: =IF($B3="","",IF(D3="Uncategorized","⚠ Review",IF(IFERROR(LOOKUP(2^15,SEARCH(Rules!$A$2:$A$200&"",$B3)/(Rules!$A$2:$A$200<>""),Rules!$C$2:$C$200),"")<>E3,"⚠ Check sign","OK")))
A4: 46269 | B4: INTEREST CREDIT SB A/C | C4: 114 | D4: =IF($B4="","",IFERROR(LOOKUP(2^15,SEARCH(Rules!$A$2:$A$200&"",$B4)/(Rules!$A$2:$A$200<>""),Rules!$B$2:$B$200),"Uncategorized")) | E4: =IF($B4="","",IF($C4>=0,"Income","Expense")) | F4: =IF($B4="","",IFERROR(LOOKUP(2^15,SEARCH(Rules!$A$2:$A$200&"",$B4)/(Rules!$A$2:$A$200<>""),Rules!$A$2:$A$200),"")) | G4: =IF($B4="","",IF(D4="Uncategorized","⚠ Review",IF(IFERROR(LOOKUP(2^15,SEARCH(Rules!$A$2:$A$200&"",$B4)/(Rules!$A$2:$A$200<>""),Rules!$C$2:$C$200),"")<>E4,"⚠ Check sign","OK")))
A5: 46270 | B5: AMAZON SELLER SERVICES 8423 | C5: -3998 | D5: =IF($B5="","",IFERROR(LOOKUP(2^15,SEARCH(Rules!$A$2:$A$200&"",$B5)/(Rules!$A$2:$A$200<>""),Rules!$B$2:$B$200),"Uncategorized")) | E5: =IF($B5="","",IF($C5>=0,"Income","Expense")) | F5: =IF($B5="","",IFERROR(LOOKUP(2^15,SEARCH(Rules!$A$2:$A$200&"",$B5)/(Rules!$A$2:$A$200<>""),Rules!$A$2:$A$200),"")) | G5: =IF($B5="","",IF(D5="Uncategorized","⚠ Review",IF(IFERROR(LOOKUP(2^15,SEARCH(Rules!$A$2:$A$200&"",$B5)/(Rules!$A$2:$A$200<>""),Rules!$C$2:$C$200),"")<>E5,"⚠ Check sign","OK")))
A6: 46270 | B6: APOLLO PHARMACY 2768 | C6: -453 | D6: =IF($B6="","",IFERROR(LOOKUP(2^15,SEARCH(Rules!$A$2:$A$200&"",$B6)/(Rules!$A$2:$A$200<>""),Rules!$B$2:$B$200),"Uncategorized")) | E6: =IF($B6="","",IF($C6>=0,"Income","Expense")) | F6: =IF($B6="","",IFERROR(LOOKUP(2^15,SEARCH(Rules!$A$2:$A$200&"",$B6)/(Rules!$A$2:$A$200<>""),Rules!$A$2:$A$200),"")) | G6: =IF($B6="","",IF(D6="Uncategorized","⚠ Review",IF(IFERROR(LOOKUP(2^15,SEARCH(Rules!$A$2:$A$200&"",$B6)/(Rules!$A$2:$A$200<>""),Rules!$C$2:$C$200),"")<>E6,"⚠ Check sign","OK")))
A7: 46270 | B7: NEFT RENT TO LANDLORD | C7: -15000 | D7: =IF($B7="","",IFERROR(LOOKUP(2^15,SEARCH(Rules!$A$2:$A$200&"",$B7)/(Rules!$A$2:$A$200<>""),Rules!$B$2:$B$200),"Uncategorized")) | E7: =IF($B7="","",IF($C7>=0,"Income","Expense")) | F7: =IF($B7="","",IFERROR(LOOKUP(2^15,SEARCH(Rules!$A$2:$A$200&"",$B7)/(Rules!$A$2:$A$200<>""),Rules!$A$2:$A$200),"")) | G7: =IF($B7="","",IF(D7="Uncategorized","⚠ Review",IF(IFERROR(LOOKUP(2^15,SEARCH(Rules!$A$2:$A$200&"",$B7)/(Rules!$A$2:$A$200<>""),Rules!$C$2:$C$200),"")<>E7,"⚠ Check sign","OK")))
A8: 46271 | B8: UPI REFUND FLIPKART 6098 | C8: 624 | D8: =IF($B8="","",IFERROR(LOOKUP(2^15,SEARCH(Rules!$A$2:$A$200&"",$B8)/(Rules!$A$2:$A$200<>""),Rules!$B$2:$B$200),"Uncategorized")) | E8: =IF($B8="","",IF($C8>=0,"Income","Expense")) | F8: =IF($B8="","",IFERROR(LOOKUP(2^15,SEARCH(Rules!$A$2:$A$200&"",$B8)/(Rules!$A$2:$A$200<>""),Rules!$A$2:$A$200),"")) | G8: =IF($B8="","",IF(D8="Uncategorized","⚠ Review",IF(IFERROR(LOOKUP(2^15,SEARCH(Rules!$A$2:$A$200&"",$B8)/(Rules!$A$2:$A$200<>""),Rules!$C$2:$C$200),"")<>E8,"⚠ Check sign","OK")))
A9: 46274 | B9: CHQ DEP 004742 | C9: 2954 | D9: =IF($B9="","",IFERROR(LOOKUP(2^15,SEARCH(Rules!$A$2:$A$200&"",$B9)/(Rules!$A$2:$A$200<>""),Rules!$B$2:$B$200),"Uncategorized")) | E9: =IF($B9="","",IF($C9>=0,"Income","Expense")) | F9: =IF($B9="","",IFERROR(LOOKUP(2^15,SEARCH(Rules!$A$2:$A$200&"",$B9)/(Rules!$A$2:$A$200<>""),Rules!$A$2:$A$200),"")) | G9: =IF($B9="","",IF(D9="Uncategorized","⚠ Review",IF(IFERROR(LOOKUP(2^15,SEARCH(Rules!$A$2:$A$200&"",$B9)/(Rules!$A$2:$A$200<>""),Rules!$C$2:$C$200),"")<>E9,"⚠ Check sign","OK")))
A10: 46274 | B10: JIO PREPAID RECHARGE | C10: -299 | D10: =IF($B10="","",IFERROR(LOOKUP(2^15,SEARCH(Rules!$A$2:$A$200&"",$B10)/(Rules!$A$2:$A$200<>""),Rules!$B$2:$B$200),"Uncategorized")) | E10: =IF($B10="","",IF($C10>=0,"Income","Expense")) | F10: =IF($B10="","",IFERROR(LOOKUP(2^15,SEARCH(Rules!$A$2:$A$200&"",$B10)/(Rules!$A$2:$A$200<>""),Rules!$A$2:$A$200),"")) | G10: =IF($B10="","",IF(D10="Uncategorized","⚠ Review",IF(IFERROR(LOOKUP(2^15,SEARCH(Rules!$A$2:$A$200&"",$B10)/(Rules!$A$2:$A$200<>""),Rules!$C$2:$C$200),"")<>E10,"⚠ Check sign","OK")))
A11: 46274 | B11: NEFT-SALARY ACME TECH PVT LTD | C11: 65000 | D11: =IF($B11="","",IFERROR(LOOKUP(2^15,SEARCH(Rules!$A$2:$A$200&"",$B11)/(Rules!$A$2:$A$200<>""),Rules!$B$2:$B$200),"Uncategorized")) | E11: =IF($B11="","",IF($C11>=0,"Income","Expense")) | F11: =IF($B11="","",IFERROR(LOOKUP(2^15,SEARCH(Rules!$A$2:$A$200&"",$B11)/(Rules!$A$2:$A$200<>""),Rules!$A$2:$A$200),"")) | G11: =IF($B11="","",IF(D11="Uncategorized","⚠ Review",IF(IFERROR(LOOKUP(2^15,SEARCH(Rules!$A$2:$A$200&"",$B11)/(Rules!$A$2:$A$200<>""),Rules!$C$2:$C$200),"")<>E11,"⚠ Check sign","OK")))
A12: 46274 | B12: NEFT-SALARY ACME TECH PVT LTD | C12: 65000 | D12: =IF($B12="","",IFERROR(LOOKUP(2^15,SEARCH(Rules!$A$2:$A$200&"",$B12)/(Rules!$A$2:$A$200<>""),Rules!$B$2:$B$200),"Uncategorized")) | E12: =IF($B12="","",IF($C12>=0,"Income","Expense")) | F12: =IF($B12="","",IFERROR(LOOKUP(2^15,SEARCH(Rules!$A$2:$A$200&"",$B12)/(Rules!$A$2:$A$200<>""),Rules!$A$2:$A$200),"")) | G12: =IF($B12="","",IF(D12="Uncategorized","⚠ Review",IF(IFERROR(LOOKUP(2^15,SEARCH(Rules!$A$2:$A$200&"",$B12)/(Rules!$A$2:$A$200<>""),Rules!$C$2:$C$200),"")<>E12,"⚠ Check sign","OK")))
A13: 46275 | B13: BESCOM ELECTRICITY BILL 6092 | C13: -1138 | D13: =IF($B13="","",IFERROR(LOOKUP(2^15,SEARCH(Rules!$A$2:$A$200&"",$B13)/(Rules!$A$2:$A$200<>""),Rules!$B$2:$B$200),"Uncategorized")) | E13: =IF($B13="","",IF($C13>=0,"Income","Expense")) | F13: =IF($B13="","",IFERROR(LOOKUP(2^15,SEARCH(Rules!$A$2:$A$200&"",$B13)/(Rules!$A$2:$A$200<>""),Rules!$A$2:$A$200),"")) | G13: =IF($B13="","",IF(D13="Uncategorized","⚠ Review",IF(IFERROR(LOOKUP(2^15,SEARCH(Rules!$A$2:$A$200&"",$B13)/(Rules!$A$2:$A$200<>""),Rules!$C$2:$C$200),"")<>E13,"⚠ Check sign","OK")))
... A61: 46324 | B61: UPI/UBER INDIA/1857 | C61: -221 | D61: =IF($B61="","",IFERROR(LOOKUP(2^15,SEARCH(Rules!$A$2:$A$200&"",$B61)/(Rules!$A$2:$A$200<>""),Rules!$B$2:$B$200),"Uncategorized")) | E61: =IF($B61="","",IF($C61>=0,"Income","Expense")) | F61: =IF($B61="","",IFERROR(LOOKUP(2^15,SEARCH(Rules!$A$2:$A$200&"",$B61)/(Rules!$A$2:$A$200<>""),Rules!$A$2:$A$200),"")) | G61: =IF($B61="","",IF(D61="Uncategorized","⚠ Review",IF(IFERROR(LOOKUP(2^15,SEARCH(Rules!$A$2:$A$200&"",$B61)/(Rules!$A$2:$A$200<>""),Rules!$C$2:$C$200),"")<>E61,"⚠ Check sign","OK")))
D62: =IF($B62="","",IFERROR(LOOKUP(2^15,SEARCH(Rules!$A$2:$A$200&"",$B62)/(Rules!$A$2:$A$200<>""),Rules!$B$2:$B$200),"Uncategorized")) | E62: =IF($B62="","",IF($C62>=0,"Income","Expense")) | F62: =IF($B62="","",IFERROR(LOOKUP(2^15,SEARCH(Rules!$A$2:$A$200&"",$B62)/(Rules!$A$2:$A$200<>""),Rules!$A$2:$A$200),"")) | G62: =IF($B62="","",IF(D62="Uncategorized","⚠ Review",IF(IFERROR(LOOKUP(2^15,SEARCH(Rules!$A$2:$A$200&"",$B62)/(Rules!$A$2:$A$200<>""),Rules!$C$2:$C$200),"")<>E62,"⚠ Check sign","OK")))
D63: =IF($B63="","",IFERROR(LOOKUP(2^15,SEARCH(Rules!$A$2:$A$200&"",$B63)/(Rules!$A$2:$A$200<>""),Rules!$B$2:$B$200),"Uncategorized")) | E63: =IF($B63="","",IF($C63>=0,"Income","Expense")) | F63: =IF($B63="","",IFERROR(LOOKUP(2^15,SEARCH(Rules!$A$2:$A$200&"",$B63)/(Rules!$A$2:$A$200<>""),Rules!$A$2:$A$200),"")) | G63: =IF($B63="","",IF(D63="Uncategorized","⚠ Review",IF(IFERROR(LOOKUP(2^15,SEARCH(Rules!$A$2:$A$200&"",$B63)/(Rules!$A$2:$A$200<>""),Rules!$C$2:$C$200),"")<>E63,"⚠ Check sign","OK")))
D64: =IF($B64="","",IFERROR(LOOKUP(2^15,SEARCH(Rules!$A$2:$A$200&"",$B64)/(Rules!$A$2:$A$200<>""),Rules!$B$2:$B$200),"Uncategorized")) | E64: =IF($B64="","",IF($C64>=0,"Income","Expense")) | F64: =IF($B64="","",IFERROR(LOOKUP(2^15,SEARCH(Rules!$A$2:$A$200&"",$B64)/(Rules!$A$2:$A$200<>""),Rules!$A$2:$A$200),"")) | G64: =IF($B64="","",IF(D64="Uncategorized","⚠ Review",IF(IFERROR(LOOKUP(2^15,SEARCH(Rules!$A$2:$A$200&"",$B64)/(Rules!$A$2:$A$200<>""),Rules!$C$2:$C$200),"")<>E64,"⚠ Check sign","OK")))
D65: =IF($B65="","",IFERROR(LOOKUP(2^15,SEARCH(Rules!$A$2:$A$200&"",$B65)/(Rules!$A$2:$A$200<>""),Rules!$B$2:$B$200),"Uncategorized")) | E65: =IF($B65="","",IF($C65>=0,"Income","Expense")) | F65: =IF($B65="","",IFERROR(LOOKUP(2^15,SEARCH(Rules!$A$2:$A$200&"",$B65)/(Rules!$A$2:$A$200<>""),Rules!$A$2:$A$200),"")) | G65: =IF($B65="","",IF(D65="Uncategorized","⚠ Review",IF(IFERROR(LOOKUP(2^15,SEARCH(Rules!$A$2:$A$200&"",$B65)/(Rules!$A$2:$A$200<>""),Rules!$C$2:$C$200),"")<>E65,"⚠ Check sign","OK")))
D66: =IF($B66="","",IFERROR(LOOKUP(2^15,SEARCH(Rules!$A$2:$A$200&"",$B66)/(Rules!$A$2:$A$200<>""),Rules!$B$2:$B$200),"Uncategorized")) | E66: =IF($B66="","",IF($C66>=0,"Income","Expense")) | F66: =IF($B66="","",IFERROR(LOOKUP(2^15,SEARCH(Rules!$A$2:$A$200&"",$B66)/(Rules!$A$2:$A$200<>""),Rules!$A$2:$A$200),"")) | G66: =IF($B66="","",IF(D66="Uncategorized","⚠ Review",IF(IFERROR(LOOKUP(2^15,SEARCH(Rules!$A$2:$A$200&"",$B66)/(Rules!$A$2:$A$200<>""),Rules!$C$2:$C$200),"")<>E66,"⚠ Check sign","OK")))
D67: =IF($B67="","",IFERROR(LOOKUP(2^15,SEARCH(Rules!$A$2:$A$200&"",$B67)/(Rules!$A$2:$A$200<>""),Rules!$B$2:$B$200),"Uncategorized")) | E67: =IF($B67="","",IF($C67>=0,"Income","Expense")) | F67: =IF($B67="","",IFERROR(LOOKUP(2^15,SEARCH(Rules!$A$2:$A$200&"",$B67)/(Rules!$A$2:$A$200<>""),Rules!$A$2:$A$200),"")) | G67: =IF($B67="","",IF(D67="Uncategorized","⚠ Review",IF(IFERROR(LOOKUP(2^15,SEARCH(Rules!$A$2:$A$200&"",$B67)/(Rules!$A$2:$A$200<>""),Rules!$C$2:$C$200),"")<>E67,"⚠ Check sign","OK")))
D68: =IF($B68="","",IFERROR(LOOKUP(2^15,SEARCH(Rules!$A$2:$A$200&"",$B68)/(Rules!$A$2:$A$200<>""),Rules!$B$2:$B$200),"Uncategorized")) | E68: =IF($B68="","",IF($C68>=0,"Income","Expense")) | F68: =IF($B68="","",IFERROR(LOOKUP(2^15,SEARCH(Rules!$A$2:$A$200&"",$B68)/(Rules!$A$2:$A$200<>""),Rules!$A$2:$A$200),"")) | G68: =IF($B68="","",IF(D68="Uncategorized","⚠ Review",IF(IFERROR(LOOKUP(2^15,SEARCH(Rules!$A$2:$A$200&"",$B68)/(Rules!$A$2:$A$200<>""),Rules!$C$2:$C$200),"")<>E68,"⚠ Check sign","OK")))
D69: =IF($B69="","",IFERROR(LOOKUP(2^15,SEARCH(Rules!$A$2:$A$200&"",$B69)/(Rules!$A$2:$A$200<>""),Rules!$B$2:$B$200),"Uncategorized")) | E69: =IF($B69="","",IF($C69>=0,"Income","Expense")) | F69: =IF($B69="","",IFERROR(LOOKUP(2^15,SEARCH(Rules!$A$2:$A$200&"",$B69)/(Rules!$A$2:$A$200<>""),Rules!$A$2:$A$200),"")) | G69: =IF($B69="","",IF(D69="Uncategorized","⚠ Review",IF(IFERROR(LOOKUP(2^15,SEARCH(Rules!$A$2:$A$200&"",$B69)/(Rules!$A$2:$A$200<>""),Rules!$C$2:$C$200),"")<>E69,"⚠ Check sign","OK")))
D70: =IF($B70="","",IFERROR(LOOKUP(2^15,SEARCH(Rules!$A$2:$A$200&"",$B70)/(Rules!$A$2:$A$200<>""),Rules!$B$2:$B$200),"Uncategorized")) | E70: =IF($B70="","",IF($C70>=0,"Income","Expense")) | F70: =IF($B70="","",IFERROR(LOOKUP(2^15,SEARCH(Rules!$A$2:$A$200&"",$B70)/(Rules!$A$2:$A$200<>""),Rules!$A$2:$A$200),"")) | G70: =IF($B70="","",IF(D70="Uncategorized","⚠ Review",IF(IFERROR(LOOKUP(2^15,SEARCH(Rules!$A$2:$A$200&"",$B70)/(Rules!$A$2:$A$200<>""),Rules!$C$2:$C$200),"")<>E70,"⚠ Check sign","OK")))
D71: =IF($B71="","",IFERROR(LOOKUP(2^15,SEARCH(Rules!$A$2:$A$200&"",$B71)/(Rules!$A$2:$A$200<>""),Rules!$B$2:$B$200),"Uncategorized")) | E71: =IF($B71="","",IF($C71>=0,"Income","Expense")) | F71: =IF($B71="","",IFERROR(LOOKUP(2^15,SEARCH(Rules!$A$2:$A$200&"",$B71)/(Rules!$A$2:$A$200<>""),Rules!$A$2:$A$200),"")) | G71: =IF($B71="","",IF(D71="Uncategorized","⚠ Review",IF(IFERROR(LOOKUP(2^15,SEARCH(Rules!$A$2:$A$200&"",$B71)/(Rules!$A$2:$A$200<>""),Rules!$C$2:$C$200),"")<>E71,"⚠ Check sign","OK")))
D72: =IF($B72="","",IFERROR(LOOKUP(2^15,SEARCH(Rules!$A$2:$A$200&"",$B72)/(Rules!$A$2:$A$200<>""),Rules!$B$2:$B$200),"Uncategorized")) | E72: =IF($B72="","",IF($C72>=0,"Income","Expense")) | F72: =IF($B72="","",IFERROR(LOOKUP(2^15,SEARCH(Rules!$A$2:$A$200&"",$B72)/(Rules!$A$2:$A$200<>""),Rules!$A$2:$A$200),"")) | G72: =IF($B72="","",IF(D72="Uncategorized","⚠ Review",IF(IFERROR(LOOKUP(2^15,SEARCH(Rules!$A$2:$A$200&"",$B72)/(Rules!$A$2:$A$200<>""),Rules!$C$2:$C$200),"")<>E72,"⚠ Check sign","OK")))
D73: =IF($B73="","",IFERROR(LOOKUP(2^15,SEARCH(Rules!$A$2:$A$200&"",$B73)/(Rules!$A$2:$A$200<>""),Rules!$B$2:$B$200),"Uncategorized")) | E73: =IF($B73="","",IF($C73>=0,"Income","Expense")) | F73: =IF($B73="","",IFERROR(LOOKUP(2^15,SEARCH(Rules!$A$2:$A$200&"",$B73)/(Rules!$A$2:$A$200<>""),Rules!$A$2:$A$200),"")) | G73: =IF($B73="","",IF(D73="Uncategorized","⚠ Review",IF(IFERROR(LOOKUP(2^15,SEARCH(Rules!$A$2:$A$200&"",$B73)/(Rules!$A$2:$A$200<>""),Rules!$C$2:$C$200),"")<>E73,"⚠ Check sign","OK")))
... D1001: =IF($B1001="","",IFERROR(LOOKUP(2^15,SEARCH(Rules!$A$2:$A$200&"",$B1001)/(Rules!$A$2:$A$200<>""),Rules!$B$2:$B$200),"Uncategorized")) | E1001: =IF($B1001="","",IF($C1001>=0,"Income","Expense")) | F1001: =IF($B1001="","",IFERROR(LOOKUP(2^15,SEARCH(Rules!$A$2:$A$200&"",$B1001)/(Rules!$A$2:$A$200<>""),Rules!$A$2:$A$200),"")) | G1001: =IF($B1001="","",IF(D1001="Uncategorized","⚠ Review",IF(IFERROR(LOOKUP(2^15,SEARCH(Rules!$A$2:$A$200&"",$B1001)/(Rules!$A$2:$A$200<>""),Rules!$C$2:$C$200),"")<>E1001,"⚠ Check sign","OK")))

Sheet Rules
A1: Keyword (matched anywhere, case-insensitive) | B1: Category | C1: Expected group | D1: Notes
A2: UPI | B2: Transfers (UPI) | C2: Expense | D2: Rule order matters: if several keywords match, the LOWEST matching row wins.
A3: NEFT | B3: Bank Transfer | C3: Expense | D3: So keep broad keywords (UPI, NEFT) at the top and specific ones (SWIGGY, SALARY) below.
A4: ATM | B4: Cash Withdrawal | C4: Expense | D4: Add a new rule = add a row. No formula changes needed (range is pre-sized to row 200).
A5: SWIGGY | B5: Food Delivery | C5: Expense
A6: ZOMATO | B6: Food Delivery | C6: Expense
A7: BLINKIT | B7: Groceries | C7: Expense
A8: BIGBASKET | B8: Groceries | C8: Expense
A9: DMART | B9: Groceries | C9: Expense
A10: AMAZON | B10: Shopping | C10: Expense
A11: FLIPKART | B11: Shopping | C11: Expense
A12: UBER | B12: Transport | C12: Expense
A13: OLA | B13: Transport | C13: Expense
A14: IRCTC | B14: Travel | C14: Expense
A15: INDIGO | B15: Travel | C15: Expense
A16: NETFLIX | B16: Subscriptions | C16: Expense
... A30: FREELANCE | B30: Freelance Income | C30: Income

Sheet Summary
A1: Category | B1: Total (₹) | C1: # Transactions
A2: Bank Transfer | B2: =SUMIFS(Transactions!$C:$C,Transactions!$D:$D,A2) | C2: =COUNTIFS(Transactions!$D:$D,A2)
A3: Cash Withdrawal | B3: =SUMIFS(Transactions!$C:$C,Transactions!$D:$D,A3) | C3: =COUNTIFS(Transactions!$D:$D,A3)
A4: Cashback | B4: =SUMIFS(Transactions!$C:$C,Transactions!$D:$D,A4) | C4: =COUNTIFS(Transactions!$D:$D,A4)
A5: Electricity | B5: =SUMIFS(Transactions!$C:$C,Transactions!$D:$D,A5) | C5: =COUNTIFS(Transactions!$D:$D,A5)
A6: Food Delivery | B6: =SUMIFS(Transactions!$C:$C,Transactions!$D:$D,A6) | C6: =COUNTIFS(Transactions!$D:$D,A6)
A7: Freelance Income | B7: =SUMIFS(Transactions!$C:$C,Transactions!$D:$D,A7) | C7: =COUNTIFS(Transactions!$D:$D,A7)
A8: Groceries | B8: =SUMIFS(Transactions!$C:$C,Transactions!$D:$D,A8) | C8: =COUNTIFS(Transactions!$D:$D,A8)
A9: Health | B9: =SUMIFS(Transactions!$C:$C,Transactions!$D:$D,A9) | C9: =COUNTIFS(Transactions!$D:$D,A9)
A10: Interest | B10: =SUMIFS(Transactions!$C:$C,Transactions!$D:$D,A10) | C10: =COUNTIFS(Transactions!$D:$D,A10)
A11: Investments | B11: =SUMIFS(Transactions!$C:$C,Transactions!$D:$D,A11) | C11: =COUNTIFS(Transactions!$D:$D,A11)
A12: Mobile & Internet | B12: =SUMIFS(Transactions!$C:$C,Transactions!$D:$D,A12) | C12: =COUNTIFS(Transactions!$D:$D,A12)
A13: Refunds | B13: =SUMIFS(Transactions!$C:$C,Transactions!$D:$D,A13) | C13: =COUNTIFS(Transactions!$D:$D,A13)
... A21: Uncategorized | B21: =SUMIFS(Transactions!$C:$C,Transactions!$D:$D,A21) | C21: =COUNTIFS(Transactions!$D:$D,A21)
A23: Total income | B23: =SUMIFS(Transactions!$C:$C,Transactions!$C:$C,">0")
A24: Total expense | B24: =SUMIFS(Transactions!$C:$C,Transactions!$C:$C,"<0")
A25: Rows needing review | B25: =COUNTIF(Transactions!$G:$G,"⚠*")
